Map: Catalyst LE

Players

Kaas

  • Race: Zerg Zerg
  • League: Platinum
  • Spawn Location: 5:00

Bolshevist - Winner!

  • Race: Zerg Zerg
  • League: Diamond
  • Spawn Location: 11:00

VOD

Have the link to the VOD?

Description

Me zerg vs zerg UrielCopyElite

Time

  • Played on: Aug. 11, 2018, 4:03 p.m.
  • Length: 5:25
Show
View Real Time Build Order
Export as new Build Order

Kaas Zerg 

Build Orders: Hatch First 

Get SALT Encoding   

  12  0:02  Drone  
  13  0:13  Overlord  
  13  0:17  Drone  
  14  0:31  Drone  
  15  0:47  Hatchery  
  14  0:51  Drone  
  14  0:53  Drone  
  16  1:09  Spawning Pool  
  15  1:12  Drone  
  15  1:15  Drone  
  17  1:18  Extractor  
  16  1:28  Drone x2  
  18  1:35  Overlord  
  18  1:49  Drone  
  19  1:55  Queen  
  19  2:00  Queen  
  23  2:04  Zergling x4  
  25  2:11  Zergling x4  
  27  2:20  Metabolic Boost  
  27  2:23  Zergling x4  
  29  2:32  Zergling x2  
  29  2:33  Zergling x2  
  31  2:47  Drone x2  
  33  2:57  Drone x2  
  35  3:01  Baneling Nest  
  23  3:58  Zergling x2  
  23  3:59  Zergling x10  
  26  4:22  Baneling x4  
  26  4:24  Drone x5  
  30  4:34  Queen  
  31  4:43  Drone x3  
  33  4:58  Roach Warren  
  32  5:04  Evolution Chamber  
Show
View Real Time Build Order
Export as new Build Order

Bolshevist Zerg - Winner!

Build Orders: Pool First, Zergling Baneling 

Get SALT Encoding   

  12  0:01  Drone  
  13  0:08  Drone  
  14  0:16  Overlord  
  14  0:36  Drone  
  14  0:37  Drone x2  
  14  0:40  Extractor  
  16  0:48  Drone  
  17  1:03  Spawning Pool  
  17  1:04  Drone  
  17  1:10  Drone  
  18  1:28  Drone  
  18  1:31  Hatchery  
  18  1:33  Drone  
  19  1:42  Overlord  
  19  1:54  Zergling x2  
  19  1:55  Metabolic Boost  
  20  2:03  Zergling x2  
  21  2:12  Baneling Nest  
  21  2:14  Zergling x2  
  21  2:17  Queen  
  23  2:24  Zergling x2  
  24  2:35  Zergling x2  
  25  2:45  Queen  
  25  2:46  Zergling x4  
  29  2:54  Zergling x2  
  30  2:59  Overlord  
  30  3:10  Baneling x2  
  29  3:14  Baneling x2  
  24  3:48  Zergling x2  
  24  3:49  Zergling x14  
  28  4:00  Baneling  
  28  4:03  Zergling x4  
  30  4:10  Zergling x4  
  30  4:12  Queen  
  30  4:17  Zergling x2  
  35  4:23  Baneling x2  
  33  4:26  Zergling x6  
  33  4:27  Zergling x2  
  37  4:32  Baneling x2  
  30  4:42  Baneling x2  
  30  4:43  Baneling x4  
  30  4:49  Zergling x2  
  30  4:50  Zergling x8  
Tags
 
Add a new tag
Caveats
  • Supply blocks, unpowered buildings, or Contaminate may cause inaccurate times.
  • Supply counts are checked every 10 seconds.